yes, lawful female dwarven Valkyrie --------- |.......-#####################` |.......| ------------ |..^....| |..........| |.......+########....<....... |.......| |..........| ----|---- |..........| --------- # #...........-############|....^..) # ###------------ #........| # # |.......| # ### --------- # # # ### --|--- # |..I)|### |.<..|# |....-# ------ yes the Skirmisher Experience level: 4 Strength: 14 Dexterity: 16 Constitution: 17 Intelligence: 8 Wisdom: 9 Charisma: 12 Health: 0(44) Energy: 5(5) Def: 5 Gold: 481 Moves: 2555 Dungeon seed: YPIsHephSzgzi7zH Game ID: yes_1579553697 Your Inventory: Coins $ - 481 gold pieces Weapons a - a +1 long sword (weapon in hand) b - a +0 dagger h - a cursed +0 dart i - a cursed +2 orcish dagger w - a +0 elven dagger D - 3 blessed +0 darts Armor e - an uncursed +3 small shield (being worn) y - a cursed -2 studded leather armor (being worn) Comestibles d - an uncursed tin of newt meat t - a cursed tin of yellow mold Spellbooks o - a blessed spellbook of charm monster p - an uncursed spellbook of slow monster Potions u - an uncursed potion of speed F - an uncursed potion of invisibility Wands l - a wand of cold (0:6) Tools r - an uncursed skeleton key Gems n - 2 cursed rocks q - an uncursed worthless piece of violet glass z - an uncursed citrine stone Spells and supernatural/magical abilities: Name Level Category Fail Memory e - charm monster 3 enchantment 100% 92% W - pray for help -- divine ? -- Your skills at the end: Fighting Skills Weapon Skills dagger [Basic] long sword [Basic] Spellcasting Skills Final Attributes: You were stridently aligned. You were cold resistant. You had infravision. You were stealthy. You are dead. Vanquished creatures: a little dog a homunculus a kobold lord a hill orc 3 orc zombies an iguana a hobbit 3 giant rats a green mold a red mold a gnome zombie a gecko 10 jackals 2 goblins 5 sewer rats 4 grid bugs 3 lichens a kobold zombie 12 newts 53 creatures vanquished. Voluntary challenges: You were an atheist. You used a wielded weapon 52 times, starting on turn 32. You read items or engraved 8 times, starting on turn 814. You never genocided any monsters. You never polymorphed an object. You never changed form. You used no wishes. You never split a pudding. You never wrote Elbereth's name. You violated your moral code, losing 34 points of alignment, starting on turn 1144. Dungeon overview: The Dungeons of Doom: levels 1 to 6 Level 1 a sink a long staircase Level 2 a scroll shop, a fountain, a sink Level 3 a fountain, a sink a long staircase Level 4 Level 5 some fountains Level 6 <- You were here a fountain stairs to Sokoban Sokoban: Level 5 stairs to The Dungeons of Doom History has recorded: On T:1 you entered the Dungeons of Doom to retrieve the Amulet of Yendor! On T:317 you reached level 2 of The Dungeons of Doom. On T:673 you advanced to experience level 2. On T:712 you reached level 3 of The Dungeons of Doom. On T:1072 you reached level 4 of The Dungeons of Doom. On T:1081 you advanced to experience level 3. On T:1665 you reached level 5 of The Dungeons of Doom. On T:1970 you advanced to experience level 4. On T:2029 you reached level 6 of The Dungeons of Doom. On T:2064 you reached level 4 of Sokoban. Score breakdown: Gold: 481 ( 9126 points) Experience: 4 levels ( 9649 points) Exploration: 6 levels ( 12.77%) ( 9890 points) Discoveries: 7 items ( 2.85%) ( 5060 points) Valuables value: (no points given unless you survive) Artifact value: 0 ( 0 points) Variety of kills: 19 monsters ( 4.99%) ( 6699 points) Turncount: 2555 turns ( -362 points) Survival: died (score multiplied by 80%) Total score: 32049 Latest messages: You come to. The kitten yowls! You hit the kitten. The hill orc swings his scimitar. The hill orc hits! You are now wielding your long sword. You hit the hill orc! The hill orc reads a scroll labeled LEP GEX VEN ZEA! You faint from lack of food. You come to. You faint from lack of food. You come to. You faint from lack of food. You come to. You faint from lack of food. You come to. You faint from lack of food. It hits! (5x) You die... Final status: Farvel yes the Valkyrie, killed by an elf zombie, while fainted from lack of food... You died in The Dungeons of Doom on dungeon level 6 with 32049 points, and 481 pieces of gold, after 2555 moves. You were level 4 with a maximum of 44 hit points when you died.